 Dungeon Crawl Stone Soup version 0.31.0-1-g2c135a0 (webtiles) character file.

Game seed: 8117787637723295548

32 Foodle the Sneak (level 3, -2/24 HPs)
             Began as a Formicid Ice Elementalist on Mar 17, 2024.
             Succumbed to an orc's poison
             ... on level 3 of the Dungeon.
             The game lasted 00:15:50 (1323 turns).

Foodle the Sneak (Formicid Ice Elementalist)        Turns: 1323, Time: 00:15:50

Health: -2/24      AC:  2    Str: 12    XL:     3   Next: 42%
Magic:  3/6        EV: 12    Int: 22    God:
Gold:   135        SH:  0    Dex: 14    Spells: 2/6 levels left

rFire   . . .        q - +0 dagger
rCold   . . .        (no shield)
rNeg    . . .        a - +0 robe
rPois   .            (helmet unavailable)
rElec   .            (no cloak)
rCorr   .            (no gloves)
SInv    +            (no boots)
Will    .....        (no amulet)
Stlth   +++          h - +6 ring of intelligence
HPRegen 0.24/turn    (no ring)
MPRegen 0.10/turn

%: no passive effects
@: mighty, lethally poisoned (-2 -> -17)
A: permanent stasis, dig shafts and tunnels, antennae 3, four strong arms
a: Dig, Shaft Self


You were on level 3 of the Dungeon.
You visited 1 branch of the dungeon, and saw 3 of its levels.

You collected 135 gold pieces.

Inventory:

Hand Weapons
 q - a +0 dagger (weapon)
Missiles
 n - 2 curare-tipped darts
Armour
 a - a +0 robe (worn)
Jewellery
 h - a +6 ring of intelligence (left hand)
Scrolls
 c - 2 scrolls of teleportation {unknown}
 d - 2 scrolls of enchant weapon {unknown}
 f - a scroll of poison {unknown}
 g - a scroll of enchant armour {unknown}
 i - a scroll of revelation {unknown}
 k - 2 scrolls of identify {unknown}
 l - a scroll of noise {unknown}
 m - a scroll of vulnerability {unknown}
 p - a scroll of fear {unknown}
Potions
 b - a potion of magic
 e - a potion of might
 j - a potion of degeneration {unknown}
 o - a potion of enlightenment {unknown}


   Skills:
 - Level 2.0 Dodging
 + Level 4.5 Stealth
 - Level 2.1 Spellcasting
 - Level 4.0 Ice Magic


You had 2 spell levels left.
You knew the following spells:

 Your Spells              Type           Power      Damage    Failure   Level
a - Freeze                Ice            76%        1d8       2%          1
b - Summon Ice Beast      Ice/Summ       11%        N/A       19%         3

Your spell library contained the following spells:

 Spells                   Type           Power      Damage    Failure   Level
 Frozen Ramparts          Ice            38%        1d6       8%          3
 Ozocubu's Armour         Ice            19%        N/A       8%          3
 Dazzling Flash           Conj/Hex       4%         N/A       38%         3
 Volatile Blastmotes      Fire/Tloc      4%         2d10      38%         3
 Starburst                Conj/Fire      1%         6d3       100%        6
 Maxwell's Capacitive Co  Air            1%         ∞         100%        8


Dungeon Overview and Level Annotations

Branches:
Dungeon (3/15)

Altars:

Shops:
D:2 =


Innate Abilities, Weirdness & Mutations

You cannot be hasted, slowed, berserked, paralysed or teleported.
You can dig through walls and to a lower floor.
You have a pair of large antennae on your head. (SInv)
Your four strong arms can wield two-handed weapons with a shield.


Message History

You now have 135 gold pieces (gained 10).
An orc comes into view. It is wielding a +2 trident of venom.
The orc shouts!
You hear an angry hiss.
You see here a scroll labelled YSIPEBB NIUN.
The orc hits you with a +2 trident of venom.
You are poisoned.
Casting: Freeze (safe; 2% risk of failure)
Confirm with . or Enter, or press ? or * to list all spells.
Aiming: Freeze (safe; 2% risk of failure)
Press: ? - help, Shift-Dir - straight line, f - orc
Aim: an orc, wielding a +2 trident of venom You freeze the orc.
The orc is severely wounded.
You feel sick.
The orc hits you with a +2 trident of venom.
You are more poisoned.
Casting: Freeze (safe; 2% risk of failure)
Confirm with . or Enter, or press ? or * to list all spells.
Aiming: Freeze (safe; 2% risk of failure)
Press: ? - help, Shift-Dir - straight line, f/p - orc
Aim: an orc, wielding a +2 trident of venom (severely wounded)
You freeze the orc.
The orc is almost dead.
You feel very sick.
The orc hits you with a +2 trident of venom!
* * * LOW HITPOINT WARNING * * *
You are more poisoned.
Casting: Freeze (safe; 2% risk of failure)
Confirm with . or Enter, or press ? or * to list all spells.
Aiming: Freeze (safe; 2% risk of failure)
Press: ? - help, Shift-Dir - straight line, f/p - orc
Aim: an orc, wielding a +2 trident of venom (severely wounded)
You freeze the orc.
You kill the orc!
* * * LOW HITPOINT WARNING * * *
You feel very sick.
A ball python comes into view.
A ribbon worm comes into view.
It was a potion of might.
You feel very mighty all of a sudden.
You die...

#. ## .#. ...S ..... ..#
..w, ..... #.#######...
......##...##....# ...
.................###..##
#..#...................
#............).......#
#....#.......@.......#
#....#.............#. ##
#.<.......?......#
...##.#..............##
..................#...##..
.?.............##.<......#
.............#...###.###..
........†....###.# #
.............# #..#


You could see a ribbon worm (wandering) and a ball python (wandering).

Vanquished Creatures
  2 dart slugs (D:1)
  An orc (D:3)
  3 ball pythons
  2 endoplasms
  A hobgoblin (D:3)
  A jackal (D:2)
  A quokka (D:1)
  4 bats
  A frilled lizard (D:2)
  2 goblins
  3 kobolds (D:2)
21 creatures vanquished.

Vanquished Creatures (collateral kills)
  A hobgoblin (D:2)
  2 jackals (D:2)
3 creatures vanquished.

Grand Total: 24 creatures vanquished

Notes
Turn   | Place    | Note
-------+----------+-------------------------------------------
     0 | D:1      | Foodle the Formicid Ice Elementalist began the quest for
                  | the Orb.
     0 | D:1      | Reached XP level 1. HP: 13/13 MP: 3/3
   370 | D:1      | Reached XP level 2. HP: 16/19 MP: 1/5
   863 | D:2      | Reached XP level 3. HP: 24/24 MP: 2/6
   908 | D:2      | Learned a level 3 spell: Summon Ice Beast
  1042 | D:2      | Found a faded altar of an unknown god.
  1201 | D:2      | Found Qabu's Jewellery Shoppe.
  1322 | D:3      | HP: 1/24 [poisoned by an orc]
  1323 | D:3      | Succumbed to an orc's poison

Illustrated notes

Levels and vault maps discovered:
D:1:      dpeg_arrival_simpleton_a, layout_loops_ring,
          chequers_serial_rivers_micro_c
D:2:      layout_rooms, hellmonk_ecumenical_altar_dog_temple, serial_shops,
          nicolae_shop_gaudy_bauble
D:3:      layout_rooms, mainiacjoe_overflow_divided_tiny,
          palyth_stone_intersect, kennysheep_generic_room_9

Skill      XL: |  1  2 |
---------------+-------+-----
Dodging        | 2 |  2.0
Stealth        | 3 4 |  4.5
Spellcasting   | |  2.1
Ice Magic      | |  4.0

Action                     || total
---------------------------++-------
  Melee: Unarmed           ||     2
         Dagger            ||     3
   Cast: Freeze            ||    25
         Summon Ice Beast  ||     3
    Use: Potion            ||     1
   Stab: Sleeping          ||     5
 Armour: Robe              ||     9
  Dodge: Dodged            ||    11
